 Dungeon Crawl Stone Soup version 0.31-a0-167-g1c394c0614 (webtiles) character file.

Game seed: 16333824931292360980

48 qw the Shooter (level 3, 0/32 HPs)
             Began as a Naga Hunter on June 14, 2023.
             Slain by a goblin
             ... wielding a +0 dagger
             ... led by Robin
              (3 damage)
             ... on level 2 of the Dungeon.
             The game lasted 00:00:17 (942 turns).

qw the Shooter (Naga Hunter)                         Turns: 942, Time: 00:00:18

Health: 0/32       AC:  3    Str: 13    XL:     3   Next: 72%
Magic:  3/3        EV:  9    Int:  9    God:
Gold:   51         SH:  0    Dex: 16    Spells: 2/2 levels left

rFire   . . .        Y - +0 shortbow
rCold   . . .        (shield currently unavailable)
rNeg    . . .        c - +0 leather armour
rPois   +            h - +0 helmet
rElec   .            (no cloak)
rCorr   .            (no gloves)
SInv    +            (no barding)
Will    .....        (no amulet)
Stlth   ++           (no ring)
HPRegen 0.25/turn    (no ring)
MPRegen 0.08/turn

%: no passive effects
@: short of breath, very slow
A: AC +1, large, see invisible, deformed body, poison resistance, slowness 2,
spit poison 1, naga tail 1
a: Spit Poison


You were on level 2 of the Dungeon.
You visited 1 branch of the dungeon, and saw 2 of its levels.

You collected 51 gold pieces.


Innate Abilities, Weirdness & Mutations

Your serpentine skin is tough. (AC +1)
You have supernaturally acute eyesight. (SInv)
Armour fits poorly on your strangely shaped body.
Your system is resistant to poisons. (rPois)
You cover ground very slowly.
You can spit poison.
You have a snake-like lower body.


   Skills:
 - Level 2.0 Fighting
 + Level 4.8 Ranged Weapons
 - Level 1.5 Dodging
 - Level 1.5 Stealth


You had 2 spell levels left.
You didn't know any spells.
Your spell library was empty.

Inventory:

Hand Weapons
 Y - a +0 shortbow (weapon)
Armour
 c - a +0 leather armour (worn)
 h - a +0 helmet (worn)
Scrolls
 a - a scroll of noise {unknown}
 b - a scroll of immolation {unknown}
Potions
 d - a potion of resistance
 e - a potion of might
 i - a potion of magic {unknown}

Dungeon Overview and Level Annotations

Branches:
Dungeon (2/15)

Altars:


Message History

The splash of poison hits the goblin.
The goblin is heavily wounded.
The goblin hits you with a +0 club.
You shoot an arrow. The arrow misses the goblin.
Robin says, "A pitiful Naga like you will never find the ORB!"
Robin roars a battlecry!
The goblin goes into a battle-frenzy!
The goblin hits you with a +0 club. The goblin closely misses you.
Robin laughs in a distinctly smug fashion.
Robin hits you with a +0 club.
You shoot an arrow. The arrow hits the goblin.
You kill the goblin!
You have got your breath back.
The goblin no longer looks unusually strong.
Robin throws the goblin at you!
A goblin comes into view. It is wielding a +0 dagger.
The goblin hits you with a +0 dagger.
938 ||| INVOKING Spit Poison.
Aiming: Spit Poison (2% risk of failure)
Press: ? - help, Shift-Dir - straight line, f - Robin The splash of poison hits Robin.
Robin is lightly wounded.
The goblin hits you with a +0 dagger.
You shoot an arrow. The arrow hits Robin.
Robin is heavily wounded.
The goblin barely misses you.
You shoot an arrow. The arrow hits Robin!
You kill Robin!
The goblin hits you but does no damage.
A hobgoblin comes into view.
You shoot an arrow. The arrow closely misses the goblin.
You have got your breath back.
The goblin hits you with a +0 dagger. x2
942 ||| INVOKING Spit Poison.
Aiming: Spit Poison (2% risk of failure)
Press: ? - help, Shift-Dir - straight line, f/p - goblin The splash of poison hits the goblin!
You kill the goblin!
The goblin hits you with a +0 dagger.
You die...

#.# #.# ###.###
#.....#
############.....###.#
............<..<.....#
#..............#####
#.###g###...%..# #@#
#.##.### #g# #.##.#
ggggg)......##.#
..#.###.##..##.#
#......>.# ####..#...
#... .... #....


You could see a hobgoblin (strong) and a goblin.

Vanquished Creatures
  Robin (D:2)
  2 dart slugs (D:1)
  An endoplasm (D:1)
  A giant cockroach (D:1)
  A hobgoblin (D:1)
  2 kobolds (D:1)
  A quokka (D:2)
  6 ball pythons (D:1)
  2 bats (D:1)
  A frilled lizard (D:1)
  12 goblins
  A rat (D:1)
31 creatures vanquished.

Notes
Turn   | Place    | Note
-------+----------+-------------------------------------------
     0 | D:1      | qw the Naga Hunter began the quest for the Orb.
     0 | D:1      | Reached XP level 1. HP: 19/19 MP: 1/1
     0 | D:1      | 0 ||| qw: Version: 0.2-a-29-g1fa15c8
     0 | D:1      | 0 ||| qw: Game counter: 5066
     0 | D:1      | 0 ||| qw: Always use a shield: true
     0 | D:1      | 0 ||| qw: God list: Okawaru
     0 | D:1      | 0 ||| qw: Allow faded altars: false
     0 | D:1      | 0 ||| qw: Do Orc after D:15 true
     0 | D:1      | 0 ||| qw: Do second Lair branch before Depths: true
     0 | D:1      | 0 ||| qw: Lair rune preference: random
     0 | D:1      | 0 ||| qw: Plans: Normal
     0 | D:1      | 0 ||| PLANNING D:1-11
    47 | D:1      | 47 ||| INVOKING Spit Poison.
   121 | D:1      | 121 ||| INVOKING Spit Poison.
   356 | D:1      | 356 ||| INVOKING Spit Poison.
   357 | D:1      | Reached skill level 4 in Ranged Weapons
   357 | D:1      | Reached XP level 2. HP: 26/26 MP: 2/2
   361 | D:1      | 361 ||| INVOKING Spit Poison.
   366 | D:1      | 366 ||| INVOKING Spit Poison.
   437 | D:1      | 437 ||| INVOKING Spit Poison.
   452 | D:1      | 452 ||| INVOKING Spit Poison.
   482 | D:1      | 482 ||| INVOKING Spit Poison.
   514 | D:1      | 514 ||| INVOKING Spit Poison.
   518 | D:1      | 518 ||| INVOKING Spit Poison.
   522 | D:1      | 522 ||| INVOKING Spit Poison.
   533 | D:1      | 533 ||| INVOKING Spit Poison.
   536 | D:1      | Reached XP level 3. HP: 32/32 MP: 3/3
   577 | D:1      | 577 ||| INVOKING Spit Poison.
   582 | D:1      | 582 ||| INVOKING Spit Poison.
   860 | D:1      | 860 ||| UPGRADING to +0 helmet.
   865 | D:1      | 865 ||| READING scroll labelled GECKIO COLOLL.
   868 | D:1      | 868 ||| READING scroll labelled BOWKAB MAVVO.
   869 | D:1      | 869 ||| DRINKING 2 fizzy red potions.
   870 | D:1      | 870 ||| DRINKING 2 amethyst potions.
   871 | D:1      | 871 ||| DROPPING scroll of butterflies.
   899 | D:2      | 899 ||| INVOKING Spit Poison.
   918 | D:2      | Noticed Robin
   919 | D:2      | 919 ||| INVOKING Spit Poison.
   923 | D:2      | 923 ||| Stepping ~*~*~tactically~*~*~ (outnumbered).
   924 | D:2      | 924 ||| INVOKING Spit Poison.
   930 | D:2      | 930 ||| INVOKING Spit Poison.
   935 | D:2      | 935 ||| INVOKING Spit Poison.
   936 | D:2      | HP: 8/32 [Robin/+0 club (3)]
   938 | D:2      | 938 ||| INVOKING Spit Poison.
   940 | D:2      | Killed Robin
   941 | D:2      | HP: 5/32 [goblin/+0 dagger[Robin] (1)]
   942 | D:2      | 942 ||| INVOKING Spit Poison.
   942 | D:2      | Slain by a goblin

Levels and vault maps discovered:
D:1:      enne_arrival_octagon_isle, layout_loops_corners
D:2:      minmay_door_path, layout_loops_ring, serial_shops, shop,
          minmay_misc_feat_chi, uniq_robin, uniq_sigmund, uniq_natasha

Skill      XL: |  1 |
---------------+----+-----
Ranged Weapons | 4 |  4.8
Fighting       | |  2.0
Dodging        | |  1.5
Stealth        | |  1.5

Action                     || total
---------------------------++-------
   Fire: Shortbow          ||    41
Ability: Spit Poison       ||    21
    Use: Scroll            ||     2
         Potion            ||     2
 Armour: Leather armour    ||     5
  Dodge: Dodged            ||     8

Table legend:
 A = Non-vault XP
 B = Vault XP
 C = Vault XP percentage of total XP
 D = Non-vault monster count
 E = Vault monster count
 F = Vault count percentage of total count
                 A         B        C        D         E       F
            +---------+---------+-------+---------+---------+-------
      Total |      40 |      31 |  43.7 |      22 |       9 |  29.0
            +---------+---------+-------+---------+---------+-------
        D:1 |      38 |       0 |   0.0 |      21 |       0 |   0.0
        D:2 |       2 |      31 |  93.9 |       1 |       9 |  90.0
            +---------+---------+-------+---------+---------+-------
